 Dungeon Crawl Stone Soup version 0.17-a0-1850-g688e747 (webtiles) character file.

231 ithil the Ducker (level 5, -2/41 HPs)
             Began as a Demonspawn Gladiator on Sept 20, 2015.
             Killed by nerve-wracking pain
             ... invoked by Grinder
              (10 damage)
             ... on level 3 of the Dungeon.
             The game lasted 00:13:48 (2839 turns).

ithil the Ducker (Demonspawn Gladiator)             Turns: 2839, Time: 00:13:48

Health: -2/41      AC:  8    Str: 22    XL:     5   Next: 73%
Magic:  5/5        EV: 13    Int:  9    God:
Gold:   127        SH:  0    Dex: 15    Spells: 0 memorised, 4 levels left

rFire  . . .     SeeInvis .     a - +0 trident
rCold  + . .     Clarity  .     w - +1 ring mail {rC+}
rNeg   . . .     SustAt   .     (no shield)
rPois  .         Gourm    .     (helmet restricted)
rElec  .         Spirit   .     i - +0 cloak
rCorr  +         Warding  .     (no gloves)
rMut   .         Stasis   .     (no boots)
MR     .....                    n - amulet of resist corrosion
Stlth  ..........               m - +2 ring of dexterity
                                j - ring of loudness (curse)

@: mighty, not resistant to hostile enchantments, extremely unstealthy
A: antennae 1, molten scales 1, demonic guardian 1
a: no special abilities


You were on level 3 of the Dungeon.
You were not hungry.

You visited 1 branch of the dungeon, and saw 3 of its levels.

You collected 127 gold pieces.

Inventory:

Hand weapons
 a - a +0 trident (weapon)
 l - a +0 whip
 o - a +0 trident
Missiles
 d - 4 throwing nets (quivered)
Armour
 b - a +0 leather armour
 c - a +0 helmet
 g - a +0 chain mail
 i - a +0 cloak (worn)
 w - a +1 ring mail of cold resistance (worn)
 x - a +0 chain mail
Jewellery
 j - a cursed ring of loudness (left hand)
 m - a +2 ring of dexterity (right hand)
 n - an amulet of resist corrosion (around neck)
Scrolls
 p - 5 scrolls of teleportation
 t - a scroll of magic mapping
 u - a scroll of identify
Potions
 h - 3 potions of curing
 v - a potion of mutation {unknown}
Comestibles
 e - a bread ration
 k - a beef jerky


   Skills:
 + Level 3.2 Fighting
 + Level 3.6 Polearms
 + Level 1.7 Throwing
 + Level 2.4 Armour
 + Level 3.9 Dodging


You had 4 spell levels left.
You didn't know any spells.

Dungeon Overview and Level Annotations

Branches:
Dungeon (3/15)

Altars:
Okawaru

Annotations:
D:3 Grinder


Innate Abilities, Weirdness & Mutations

You have a pair of small antennae on your head.
You are partially covered in molten scales (AC +1).
A weak demonic guardian rushes to your aid.


Message History

That beef jerky was delicious!
Grinder hits you.
You writhe in agony.
You writhe in agony.
You barely miss Grinder.
Grinder is moderately wounded.
Grinder hits you.
* * * LOW HITPOINT WARNING * * *
You writhe in agony.
* * * LOW HITPOINT WARNING * * *
You barely miss Grinder.
Grinder is moderately wounded.
Grinder misses you.
You puncture Grinder!
Grinder is severely wounded.
Grinder gestures at you.
You barely resist. You puncture Grinder!
Grinder is severely wounded.
Grinder gestures at you. Pain shoots through your body!
You die...

#....#(.###.....##.# #...#
#...........#'#.##.####...####
#..###+####.#.#.##....'......# .
. ..#<#.#######รท.....####
....###.##.....#.........
........##.###.#.........
....#######...#.###'#.....
####################.#.# #.#.....
...............5@5....># #.#.....
..............)5####.#####.#.....
.......#####.##.# #..).##.######
######.# #.##.# ####5##.# #.#
#.##.# #...##.# #.## #.##..
#......# #..# #.#### #..5......#
#######'## #.. #....#.....
.......).# #.. +..5.#.....


You could see Grinder and 2 friendly iron imps.

Vanquished Creatures
  An orc priest (D:3)
  Jessica (D:2)
  Terence (D:3)
  3 gnolls (D:3)
  4 adders
  3 worms
  A giant gecko (D:1)
  6 bats
  3 giant cockroaches
  11 hobgoblins
  2 quokkas (D:2)
  10 giant newts
  9 goblins
  11 kobolds
  8 rats
74 creatures vanquished.

Vanquished Creatures (collateral kills)
  A gnoll (D:3)
  2 orcs (D:3)
  A bat (D:3)
4 creatures vanquished.

Grand Total: 78 creatures vanquished

Notes
Turn   | Place    | Note
--------------------------------------------------------------
     0 | D:1      | ithil the Demonspawn Gladiator began the quest for the Orb.
     0 | D:1      | Reached XP level 1. HP: 16/16 MP: 1/1
    93 | D:1      | Reached skill level 3 in Dodging
    93 | D:1      | Gained mutation: You are partially covered in molten scales (AC +1). [demonic ancestry]
    93 | D:1      | Reached XP level 2. HP: 9/22 MP: 2/2
   995 | D:2      | Reached XP level 3. HP: 8/27 MP: 3/3
  1251 | D:2      | Noticed Jessica
  1253 | D:2      | Found an iron altar of Okawaru.
  1279 | D:2      | Killed Jessica
  1279 | D:2      | Reached skill level 1 in Armour
  1354 | D:2      | Gained mutation: A weak demonic guardian rushes to your aid. [demonic ancestry]
  1354 | D:2      | Reached XP level 4. HP: 31/34 MP: 4/4
  2334 | D:3      | Noticed Terence
  2349 | D:3      | Gained mutation: You have a pair of small antennae on your head. [demonic ancestry]
  2349 | D:3      | Reached XP level 5. HP: 38/40 MP: 5/5
  2368 | D:3      | Killed Terence
  2611 | D:3      | HP: 1/41 [orc (2)]
  2802 | D:3      | Noticed Grinder
  2819 | D:3      | Paralysed by Grinder for 3 turns
  2839 | D:3      | Killed from afar by Grinder

Vault maps used:
D:1:      minmay_arrival_arboretum_small
D:2:      okawaru_gym_becter, uniq_jessica
D:3:      minmay_misc_feat_ornament, uniq_grinder, uniq_terence, uniq_iyjb

Action                   |  1- 3 |  4- 6 || total
-------------------------+-------+-------++-------
Melee: Trident           |   153 |   193 ||   346
Throw: Throwing net      |       |     1 ||     1
  Use: Scroll            |     2 |     6 ||     8
       Potion            |     1 |     7 ||     8
  Eat: Chunk             |     2 |     4 ||     6
       Beef jerky        |       |     1 ||     1
